 Dungeon Crawl Stone Soup version 0.29.1-12-g30fa7ad0bf (webtiles) character file.

Game seed: 1754130364339337030

182 xian the Shooter (level 5, -4/41 HPs)
             Began as a Formicid Hunter on Dec 15, 2022.
             Slain by a gnoll
             ... wielding a +0 spear
             ... led by a gnoll bouda
              (7 damage)
             ... on level 4 of the Dungeon.
             The game lasted 00:07:06 (2984 turns).

xian the Shooter (Formicid Hunter)                  Turns: 2984, Time: 00:07:06

Health: -4/41      AC:  6    Str: 18      XL:     5   Next: 93%
Magic:  5/5        EV: 10    Int:  5 (8)  God:
Gold:   92         SH:  0    Dex: 15 (17) Spells: 4/4 levels left

rFire   + . .      SeeInvis +   e - +0 dagger
rCold   + . .      Faith    .   (no shield)
rNeg    . . .      Spirit   .   g - +0 scale mail
rPois   +          Reflect  .   (helmet unavailable)
rElec   +          Harm     .   (no cloak)
rCorr   +          Rampage  .   (no gloves)
Will    .....                   (no boots)
Stlth   ..........              (no amulet)
HPRegen 0.13/turn               f - ring of resist corrosion
MPRegen 0.09/turn               (no ring)

@: resistant, flying
A: permanent stasis, dig shafts and tunnels, antennae 3, four strong arms
a: Dig, Shaft Self


You were on level 4 of the Dungeon.
You visited 1 branch of the dungeon, and saw 4 of its levels.

You collected 116 gold pieces.
You spent 24 gold pieces at shops.

Inventory:

Hand Weapons
 a - a +0 shortbow
 e - a +0 dagger (weapon)
Missiles
 p - 4 curare-tipped darts
Armour
 c - a +0 leather armour
 g - a +0 scale mail (worn)
Jewellery
 f - a ring of resist corrosion (left hand)
Scrolls
 b - 2 scrolls of immolation
 l - a scroll of fog {unknown}
 r - a scroll of identify {unknown}
 t - a scroll of summoning {unknown}
Potions
 d - 3 potions of curing


   Skills:
 + Level 3.0 Fighting
 + Level 6.0 Ranged Weapons
 * Level 1.6 Armour
 + Level 1.9 Dodging
 + Level 1.2 Stealth


You had 4 spell levels left.
You didn't know any spells.
Your spell library contained the following spells:

 Spells                   Type           Power      Damage    Failure   Level
 Freeze                   Ice            0%         1d3       86%         1
 Slow                     Hex            0%         N/A       86%         1
 Confusing Touch          Hex            0%         N/A       99%         3
 Frozen Ramparts          Ice            0%         1d1       99%         3
 Vampiric Draining        Necr           0%         2d6       99%         3
 Hailstorm                Conj/Ice       0%         3d3       100%        4


Dungeon Overview and Level Annotations

Branches:
Dungeon (4/15)
 Temple: D:4-7

Altars:

Shops:
D:1 [(*(*   D:2 *

Annotations:
D:4 1 runed translucent door, Grinder; Menkaure; Tang's ghost, amateur PaFi


Innate Abilities, Weirdness & Mutations

You cannot be hasted, slowed, berserked, paralysed or teleported.
You can dig through walls and to a lower floor.
You have a pair of large antennae on your head. (SInv)
Your four strong arms can wield two-handed weapons with a shield.


Message History

The gnoll is heavily wounded.
The gnoll hits you from afar with a +0 spear.
The gnoll completely misses you.
You hit the gnoll.
The gnoll is severely wounded.
The gnoll barely misses you. The gnoll misses you.
You closely miss the gnoll.
The gnoll is severely wounded.
The gnoll hits you from afar with a +0 spear.
The gnoll hits you but does no damage.
You closely miss the gnoll.
The gnoll is severely wounded.
The gnoll hits you from afar with a +0 spear.
The gnoll closely misses you.
You hit the gnoll.
You kill the gnoll!
The gnoll barely misses you.
You feel your strength returning.
Your Ranged Weapons skill increases to level 6!
Unknown command.
The gnoll barely misses you.
The gnoll hits you from afar with a +0 spear.
The gnoll hits you from afar with a +0 halberd.
Items here: )) [ †.
You hit the gnoll but do no damage. The gnoll closely misses you. x3
You hit the gnoll but do no damage.
Your hearing returns.
The gnoll hits you with a +0 spear. The gnoll closely misses you. x2
Unknown command.
You hit the gnoll but do no damage. The gnoll closely misses you.
The gnoll hits you from afar with a +0 spear.
The gnoll hits you from afar with a +0 halberd.
* * * LOW HITPOINT WARNING * * *
You barely miss the gnoll. The gnoll hits you but does no damage.
The gnoll hits you from afar with a +0 spear.
* * * LOW HITPOINT WARNING * * *
The gnoll hits you from afar with a +0 halberd!
* * * LOW HITPOINT WARNING * * *
You barely miss the gnoll. The gnoll hits you with a +0 spear!
You die...

###...#######. {
+.............
#.....#######. #.....#
{ #.....# #.....#
#...###
#.#...################
#............@ggg....w
###...#...#####g.....#
######..# {.....#
~)~WSS+..# #######
#######.## ##..# ####


You could see 4 gnolls.

Vanquished Creatures
  A hound (D:4)
  A gnoll bouda (D:4)
  3 gnolls (D:4)
  4 adders
  2 worms (D:2)
  A dart slug (D:3)
  6 ball pythons
  5 endoplasms
  2 giant cockroaches
  4 goblins
  4 hobgoblins
  6 kobolds
  A quokka (D:1)
  5 bats
  A frilled lizard (D:1)
  8 rats
54 creatures vanquished.

Vanquished Creatures (others)
  2 fungi (D:4)
2 creatures vanquished.

Grand Total: 56 creatures vanquished

Notes
Turn   | Place    | Note
-------+----------+-------------------------------------------
     0 | D:1      | xian the Formicid Hunter began the quest for the Orb.
     0 | D:1      | Reached XP level 1. HP: 16/16 MP: 1/1
   171 | D:1      | Reached XP level 2. HP: 22/22 MP: 2/2
   171 | D:1      | Found Ipny's Assorted Antiques.
   182 | D:1      | Found Fushrun's Antique Weapon Shop.
   210 | D:1      | Found a faded altar of an unknown god.
   247 | D:1      | Found Canim's Assorted Antiques.
   252 | D:1      | Bought a scroll labelled ASICZEUKISM for 24 gold pieces
   268 | D:1      | Found Umyitz's Antique Armour Shop.
   341 | D:1      | Found Jyshotej's Weapon Boutique.
   693 | D:2      | Reached XP level 3. HP: 28/28 MP: 3/3
   813 | D:2      | Reached skill level 5 in Ranged Weapons
  1031 | D:2      | Reached XP level 4. HP: 34/34 MP: 4/4
  1565 | D:2      | Found Leemyimp's General Store.
  2544 | D:4      | Reached skill level 1 in Armour
  2544 | D:4      | Reached XP level 5. HP: 39/39 MP: 5/5
  2622 | D:4      | Noticed Grinder
  2623 | D:4      | Noticed Menkaure
  2932 | D:4      | Found a runed translucent door.
  2935 | D:4      | Noticed Tang's ghost (amateur PaFi)
  2979 | D:4      | Reached skill level 6 in Ranged Weapons
  2983 | D:4      | HP: 2/41 [gnoll/+0 halberd[a gnoll bouda] (9)]
  2984 | D:4      | Slain by a gnoll

Illustrated notes

Levels and vault maps discovered:
D:1:      amcnicky_arrival_abandoned_market, layout_basic, serial_shops,
          nicolae_shop_trees, nicolae_diamond_shop, nicolae_shop_waterfront,
          shop, shop, hellmonk_ecumenical_altar_slurped_away
D:2:      layout_basic, serial_shops, nicolae_shop_hallway_stairs,
          kennysheep_minor_cross
D:3:      layout_loops_ring, minmay_misc_feat_rows
D:4:      layout_basic, elyvilon_altar_5, ebering_ghost_sewer_d, minivault_1,
          dreamdust_gnoll_farm, uniq_grinder, uniq_menkaure

Skill      XL: |  1  2  3  4  5 |
---------------+----------------+-----
Ranged Weapons | 5 6 |  6.0
Armour         | 1 |  1.6
Fighting       | 3 |  3.0
Dodging        | |  1.9
Stealth        | |  1.2

Action                   |  1- 3 |  4- 6 || total
-------------------------+-------+-------++-------
Melee: Dagger            |       |    18 ||    18
       Punch             |       |     1 ||     1
 Fire: Shortbow          |    84 |    93 ||   177
 Abil: Dig               |     1 |       ||     1
  Use: Scroll            |     2 |     3 ||     5
       Potion            |       |     8 ||     8
Armor: Scale mail        |    26 |    31 ||    57
Dodge: Dodged            |    26 |    44 ||    70
